 Seeded DCSS version 0.31-a0-208-gdb31a4691d (webtiles) character file.

Game seed: 10414033630809901341 (custom seed)

201 innerfire43 the Trooper (level 5, -2/43 HPs)
             Began as a Demonspawn Monk on June 28, 2023.
             Was a Priest of Cheibriados.
             Slain by innerfire43's ghost (22 damage)
             ... on level 3 of the Dungeon.
             The game lasted 00:02:38 (2312 turns).

innerfire43 the Trooper (Demonspawn Monk)           Turns: 2312, Time: 00:02:44

Health: -2/43      AC:  3    Str: 19    XL:     5   Next: 50%
Magic:  5/5        EV: 14    Int: 17    God:    Cheibriados [***...]
Gold:   146        SH:  5    Dex: 22    Spells: 4/4 levels left

rFire   . . .        n - +9 great sword of Sewiefups {heavy, Stlth+}
rCold   . . .        (shield currently unavailable)
rNeg    . . .        b - +0 robe
rPois   .            (no helmet)
rElec   .            (no cloak)
rCorr   .            m - +0 pair of gloves
SInv    .            (no boots)
Will    .....        h - amulet of reflection
Stlth   +++          k - +4 ring of slaying
HPRegen 0.27/turn    (no ring)
MPRegen 0.09/turn

%: reflection
@: very slow
A: hooves 2, demonic guardian 1
a: Renounce Religion, Bend Time, Temporal Distortion


You were on level 3 of the Dungeon.
You worshipped Cheibriados.
Cheibriados was most pleased with you.
You visited 1 branch of the dungeon, and saw 3 of its levels.

You collected 146 gold pieces.

Inventory:

Hand Weapons
 a - a +0 falchion
 n - the +9 great sword of Sewiefups (weapon) {heavy, Stlth+}
   (You found it on level 2 of the Dungeon)

   Stlth:     It makes you more stealthy.
Armour
 b - a +0 robe (worn)
 d - an orb of light
 m - a +0 pair of gloves (worn)
Jewellery
 h - an amulet of reflection (around neck)
 k - a +4 ring of slaying (left hand)
 r - a ring of positive energy
Scrolls
 e - 3 scrolls of identify {unknown}
 g - 4 scrolls of teleportation {unknown}
 i - a scroll of blinking {unknown}
 j - a scroll of fog {unknown}
 l - 3 scrolls of revelation {unknown}
 o - a scroll of immolation {unknown}
 q - 2 scrolls of fear {unknown}
Potions
 c - 2 potions of ambrosia
 f - a potion of heal wounds {unknown}
 p - 2 potions of curing {unknown}


   Skills:
 * Level 4.4 Fighting
 + Level 3.8 Long Blades
 * Level 4.0 Dodging


You had 4 spell levels left.
You didn't know any spells.
Your spell library was empty.

Dungeon Overview and Level Annotations

Branches:
Dungeon (3/15)

Altars:
Cheibriados
Wu Jian

Annotations:
D:3 innerfire43's ghost, amateur DsMo


Innate Abilities, Weirdness & Mutations

You have hoof-like feet.
A weak demonic guardian rushes to your aid.


Message History

The orc hits you with a +0 dagger.
You slash the orc!
You kill the orc!
Cheibriados appreciates the change of pace.
No target in view!
Items here: )))) [[.
Items here: )))) [[.
You see here a +0 dagger.
There is an open door here.
The kobold shouts! x2; You hear a shout!
The kobold shouts!
Key pressed, stopping explore.
No reachable target in view!
The kobold shouts! x2
Innerfire43's ghost screams, "I'll kill anyone who wants the ORB!"
Key pressed, stopping explore.
No reachable target in view!
Could not explore, unopened runed door.
No reachable target in view!
No reachable target in view!
Could not explore, unopened runed door.
Okay, then.
Innerfire43's ghost whispers, "There is no future for you."
You open the gate.
Innerfire43's ghost attacks as you move away!
Innerfire43's ghost hits you!
Innerfire43's ghost whispers, "Death doesn't hurt.
What you feel is life." Innerfire43's ghost hits you!
The kobold attacks as you move away! The kobold hits you but does no damage.
Innerfire43's ghost attacks as you move away!
Innerfire43's ghost barely misses you.
The kobold zaps a wand.
The puff of flame misses you. Innerfire43's ghost hits you.
Innerfire43's ghost misses you.
You slice innerfire43's ghost!!
Innerfire43's ghost is heavily damaged.
Innerfire43's ghost barely misses you.
Innerfire43's ghost hits you but does no damage.
Innerfire43's ghost hits you!!
Ouch! That really hurt!
You die...

#.#.....# #####.###
##.'.###..##........
#..'.....[##.##...#.
#..K.###.$#.........
#K.#K....###.#......
#KK##~⌠~## #........
#...##### #####.##.
#K###.# #....
#KW@..# #.###
#####.# ##.## #.#
##...## #.##
##.....# #..##
##.......
##...####....)...
#.......'........
##...####.....>..
##..# ##.......


You could see innerfire43's ghost and 2 kobolds.

Vanquished Creatures
  A jelly (D:3)
  Terence (D:2)
  3 adders
  2 worms
  2 dart slugs
  6 orcs (D:3)
  8 bats
  6 endoplasms
  A giant cockroach (D:1)
  8 goblins
  4 hobgoblins
  4 jackals
  5 kobolds
  4 quokkas
  7 ball pythons
  4 frilled lizards
  5 rats
71 creatures vanquished.

Vanquished Creatures (collateral kills)
  An adder (D:2)
  3 jackals (D:1)
4 creatures vanquished.

Grand Total: 75 creatures vanquished

Notes
Turn   | Place    | Note
-------+----------+-------------------------------------------
     0 | D:1      | innerfire43 the Demonspawn Monk began the quest for the
                  | Orb.
     0 | D:1      | Reached XP level 1. HP: 18/18 MP: 1/1
   101 | D:1      | Gained mutation: A weak demonic guardian rushes to your
                  | aid. [demonic ancestry]
   101 | D:1      | Reached XP level 2. HP: 22/24 MP: 2/2
   573 | D:1      | Discovered your monstrous ancestry.
   573 | D:1      | Gained mutation: You have large cloven feet. [demonic
                  | ancestry]
   573 | D:1      | Reached XP level 3. HP: 29/29 MP: 3/3
   798 | D:2      | Identified the +9 great sword of Sewiefups {heavy, Stlth+}
   945 | D:2      | Noticed Terence
   950 | D:2      | Killed Terence
   951 | D:2      | Gained mutation: You have hoof-like feet. [demonic
                  | ancestry]
   951 | D:2      | Reached XP level 4. HP: 31/37 MP: 4/4
  1605 | D:3      | Found a faded altar of an unknown god.
  1629 | D:3      | Prayed at the altar of an unknown god.
  1629 | D:3      | Became a worshipper of Cheibriados the Contemplative
  1629 | D:3      | Reached * piety under Cheibriados
  1629 | D:3      | Reached ** piety under Cheibriados
  1701 | D:3      | Reached XP level 5. HP: 42/42 MP: 5/5
  1796 | D:3      | Reached *** piety under Cheibriados
  1882 | D:3      | Found an ornate altar of the Wu Jian Council.
  2023 | D:3      | Found a runed translucent gate.
  2023 | D:3      | Found a runed translucent gate.
  2023 | D:3      | Found a runed translucent gate.
  2025 | D:3      | Noticed innerfire43's ghost (amateur DsMo)
  2312 | D:3      | Slain by innerfire43's ghost

Illustrated notes

Levels and vault maps discovered:
D:1:      heliophobic_arrival_henge, layout_basic
D:2:      layout_rooms, uniq_terence
D:3:      layout_loops_corners, mainiacjoe_overflow_cross_hatched,
          nicolae_wu_jian_immortal_techniques, gammafunk_ghost_nasty_kobolds,
          shapermc_ecumenical_altar_flowoftime

Skill      XL: |  1  2  3  4  5 |
---------------+----------------+-----
Long Blades    | 3 |  3.8
Dodging        | 3 4 |  4.0
Fighting       | 4 |  4.4

Action                     |  1- 3 |  4- 6 || total
---------------------------+-------+-------++-------
  Melee: Falchion          |    57 |       ||    57
         Great sword       |    14 |    54 ||    68
         Kick              |     4 |     8 ||    12
   Stab: Sleeping          |       |     9 ||     9
 Armour: Robe              |    16 |    16 ||    32
  Dodge: Dodged            |    72 |    48 ||   120
  Block: Other             |     9 |    17 ||    26
         Orb               |     1 |       ||     1

Table legend: (Time is in decaauts)
 A = Elapsed time spent in this place.
 B = Non-inter-level travel time spent in this place.
 C = Inter-level travel time spent in this place.
 D = Time resting spent in this place.
 E = Time spent auto-exploring this place.
 F = Levels seen in this place.
 G = Mean time per level.
                   A        B        C        D        E       F      G
               +--------+--------+--------+--------+--------+-----+--------+
         Total |   2775 |   2686 |     89 |      0 |   2106 |   3 |  925.0 |
       Dungeon |   2775 |   2686 |     89 |      0 |   2106 |   3 |  925.0 |
               +--------+--------+--------+--------+--------+-----+--------+

Top non-repeatable levels by time:
     D:3: 1423 daAuts
     D:1: 799 daAuts
     D:2: 553 daAuts
